 Dungeon Sprint DCSS version 0.29-a0-359-g541a27f54d (webtiles) character file.

Game seed: 9307751405450642500

5 Zeldest the Insei (level 1, -3/27 HPs)
             Began as a Demonspawn Monk on Apr 28, 2022.
             Slain by an iguana (6 damage)
             ... in the Dungeon (Sprint IX: "|||||||||||||||||||||||||||||").
             The game lasted 00:00:12 (44 turns).

Zeldest the Insei (Demonspawn Monk)                   Turns: 44, Time: 00:00:12

Health: -3/27      AC:  2    Str: 11    XL:     1   Next: 66%
Magic:  1/1        EV: 13    Int: 11    God:
Gold:   0          SH:  0    Dex: 15    Spells: 0/0 levels left

rFire   . . .      SeeInvis .     - Unarmed
rCold   . . .      Faith    .   (no shield)
rNeg    . . .      Spirit   .   a - +0 robe
rPois   .          Reflect  .   (no helmet)
rElec   .          Harm     .   (no cloak)
rCorr   .          Rampage  .   (no gloves)
Will    .....      NoTele   +   (no boots)
Stlth   ..........              (no amulet)
HPRegen 0.09/turn               (no ring)
MPRegen 0.07/turn               (no ring)

@: berserking, very quick
A: no striking features
a: no special abilities


You were in the Dungeon.
You visited 1 branch

Inventory:

Armour
 a - a +0 robe (worn)
Scrolls
 h - a scroll of blinking
Potions
 b - a potion of ambrosia
 c - a potion of curing
 d - a potion of heal wounds
 e - a potion of haste
 f - 2 potions of magic


   Skills:
 + Level 3.4 Fighting
 + Level 3.1 Dodging
 - Level 1.7 Stealth
 * Level 3.5 Unarmed Combat


You couldn't memorise any spells.
You didn't know any spells.
Your spell library was empty.

Dungeon Overview and Level Annotations

Branches:
Dungeon (1/1)

Altars:


Message History

The goblin is severely wounded.
The goblin barely misses you.
You hit the goblin.
You kill the goblin!
The bat closely misses you. The bat closely misses you.
Things that are here:
a +0 club; a bat corpse You closely miss the bat.
The bat hits you but does no damage. The bat closely misses you. x2
You completely miss the bat. The bat barely misses you.
The bat closely misses you.
You hit the bat but do no damage. The bat hits you. The bat closely misses you.
You hit the bat but do no damage. The bat closely misses you.
The bat barely misses you.
You barely miss the bat. The bat completely misses you.
The bat hits you but does no damage. The bat hits you but does no damage.
The bat closely misses you.
You hit the bat.
The bat is moderately wounded.
The bat hits you.
You hit the bat but do no damage.
The bat is moderately wounded.
The bat closely misses you. The bat hits you but does no damage.
You punch the bat!
You kill the bat!
You see here a bat corpse.
You open the door.
An ogre, a dart slug, a hound, a necrophage and an iguana come into view.
The hound barks!
The iguana hisses angrily.
A red film seems to cover your vision as you go berserk!
You feel yourself moving faster!
You feel mighty!
The ogre shouts!
The iguana bites you!
* * * LOW HITPOINT WARNING * * *
You closely miss the iguana. You punch the iguana!
The iguana is severely wounded.
The iguana bites you.
You die...

▓+▓
▓O▓
▓.▓
▓w▓
▓h▓
▓n▓
▓l▓
▓@▓
▓.▓
▓.▓
▓.▓
▓)▓
▓'▓
▓.▓
▓.▓
▓.▓


You could see an ogre, a necrophage, an iguana, a hound and a dart slug.

Vanquished Creatures
  A ball python (D)
  2 bats (D)
  A goblin (D)
  A frilled lizard (D)
5 creatures vanquished.

Notes
Turn   | Place    | Note
-------+----------+-------------------------------------------
     0 | D        | Zeldest the Demonspawn Monk began the quest for the Orb.
     0 | D        | Reached XP level 1. HP: 18/18 MP: 1/1
    41 | D        | Noticed an ogre
    41 | D        | Noticed a hound
    41 | D        | Noticed a necrophage
    41 | D        | Noticed an iguana
    44 | D        | Slain by an iguana

Illustrated notes

Levels and vault maps discovered:
D:        linesprint [early_d, line_temple, items_1, d_10, items_2, lair_1,
          lair_end, items_3, orc_1, orc_end, items_4, d_15, swamp_1, shoals_1,
          snake_1, spider_1, d_20, vaults_1, items_5, swamp_end, shoals_end,
          snake_end, spider_end, vaults_end, d_27, items_6, zot_1, zot_end,
          crypt_end, forest_end, elf_end, slime_end, tomb_end, abyss_end,
          pan_hell_end]

Skill      XL: |  1 |
---------------+----+-----
Unarmed Combat | 3 |  3.5
Dodging        | 3 |  3.1
Fighting       | |  3.4
Stealth        | |  1.7

Action                   || total
-------------------------++-------
Melee: Unarmed           ||    33
  Use: Potion            ||     1
Armor: Robe              ||     9
Dodge: Dodged            ||    32

Table legend: (Time is in decaauts)
 A = Elapsed time spent in this place.
 B = Non-inter-level travel time spent in this place.
 C = Inter-level travel time spent in this place.
 D = Time resting spent in this place.
 E = Time spent auto-exploring this place.
 F = Levels seen in this place.
 G = Mean time per level.
                   A        B        C        D        E       F      G
               +--------+--------+--------+--------+--------+-----+--------+
         Total |     41 |     41 |      0 |      0 |      0 |   1 |   41.0 |
       Dungeon |     41 |     41 |      0 |      0 |      0 |   1 |   41.0 |
               +--------+--------+--------+--------+--------+-----+--------+

Top non-repeatable levels by time:
       D: 41 daAuts
